 Dungeon Crawl Stone Soup version 0.26.0-10-g1f06aea511 (webtiles) character file.

Game seed: 17253160075095838143

105663 Amaterasu the Fencer (level 16, -12/127 HPs)
             Began as a Formicid Fighter on Jan 27, 2021.
             Was the Champion of Okawaru.
             Mangled by a moth of wrath (14 damage)
             ... on level 1 of the Spider Nest.
             The game lasted 00:57:44 (31280 turns).

Amaterasu the Fencer (Formicid Fighter)            Turns: 31280, Time: 00:57:45

Health: -12/127    AC: 21    Str: 26    XL:     16   Next: 96%
Magic:  22/22      EV: 12    Int: 10    God:    Okawaru [******]
Gold:   2532       SH: 22    Dex: 13    Spells: 15/15 levels left

rFire    + . .     SeeInvis +   v - +4 double sword (drain)
rCold    + . .     Faith    +   m - +1 tower shield
rNeg     . . .     Spirit   .   L - +2 plate armour {rPois}
rPois    +         Reflect  .   (helmet unavailable)
rElec    +         Harm     .   Z - scarf {repulsion}
rCorr    .         Rampage  .   Y - +1 pair of gloves {Dex+3}
Will     ++...                  S - +2 pair of boots
Stlth    ..........             g - amulet of faith
HPRegen  0.31/turn              U - ring "Tyfiyshy" {rElec rF+ Will+}
MPRegen  0.18/turn              K - ring of protection from cold

@: lethally poisoned (-12 -> -40), repel missiles
A: permanent stasis, dig shafts and tunnels, four strong arms, antennae 3
a: Dig, Shaft Self, Renounce Religion, Heroism, Finesse


You were on level 1 of the Spider Nest.
You worshipped Okawaru.
Okawaru was exalted by your worship.
You visited 5 branches of the dungeon, and saw 25 of its levels.
You also visited: Sewer and Ice Cave.

You collected 2532 gold pieces.

Inventory:

Hand Weapons
 v - a +4 double sword of draining (weapon)
 V - a +5 falchion of electrocution
Missiles
 c - 12 silver javelins
Armour
 m - a +1 tower shield (worn)
 L - a +2 plate armour of poison resistance (worn)
 R - a +1 plate armour of positive energy
 S - a +2 pair of boots (worn)
 Y - a +1 pair of gloves of dexterity (worn)
 Z - a scarf of repulsion (worn)
Jewellery
 a - an uncursed ring of positive energy
 g - an amulet of faith (around neck)
 i - a +4 ring of evasion
 j - the amulet of the Kangaroo {Reflect Int+4 SH+5}
   (You found it on level 11 of the Dungeon)

   [amulet of reflection]

   It shields you and reflects attacks.
   It affects your intelligence (+4).
   It affects your SH (+5).
 D - an uncursed ring of flight
 J - an uncursed ring of stealth
 K - a ring of protection from cold (right hand)
 O - a +4 ring of protection
 P - a +6 ring of intelligence
 U - the ring "Tyfiyshy" (left hand) {rElec rF+ Will+}
   (You found it on level 5 of the Lair of Beasts)

   [ring of protection from fire]

   It protects you from fire.
   It insulates you from electricity.
   It affects your willpower, your defense against some magical effects.
Wands
 q - a wand of polymorph (27)
 u - a wand of enslavement (9)
 B - a wand of acid (7)
 E - a wand of flame (28)
 G - a wand of paralysis (6)
 H - a wand of iceblast (15)
 T - a wand of disintegration (11)
 X - a wand of random effects (22)
Scrolls
 b - 8 scrolls of fog
 e - 3 scrolls of blinking
 k - 3 scrolls of fear
 r - 3 scrolls of remove curse
 w - 9 scrolls of enchant armour
 z - 6 scrolls of magic mapping
 A - 6 scrolls of teleportation
 C - 3 scrolls of enchant weapon
 F - a scroll of holy word
 M - 4 scrolls of identify
 N - 3 scrolls of immolation
 Q - 7 scrolls of amnesia
Potions
 d - 6 potions of might
 f - 5 potions of curing
 h - 7 potions of lignification
 l - 2 potions of berserk rage
 n - 6 potions of heal wounds
 o - 2 potions of magic
 p - a potion of invisibility
 s - 2 potions of flight
 t - 6 potions of attraction
 x - 5 potions of brilliance
 y - a potion of haste
 W - 2 potions of mutation
Miscellaneous
 I - a box of beasts (inert)


   Skills:
 * Level 12.1 Fighting
 * Level 16.2 Long Blades
 * Level 6.7 Throwing
 * Level 9.1 Armour
 * Level 9.1 Dodging
 - Level 15.0 Shields
 - Level 8.0 Invocations
 * Level 8.1 Evocations


You had 15 spell levels left.
You didn't know any spells.
Your spell library contained the following spells:

 Spells                   Type           Power        Failure   Level
 Beastly Appendage        Tmut           0%           98%         1
 Corona                   Hex            0%           98%         1
 Magic Dart               Conj           0%           98%         1
 Ensorcelled Hibernation  Hex/Ice        0%           99%         2
 Searing Ray              Conj           0%           99%         2
 Wereblood                Tmut           0%           99%         2
 Confusing Touch          Hex            0%           100%        3
 Dazzling Flash           Conj/Hex       0%           100%        3
 Gell's Gravitas          Tloc           0%           100%        3
 Spider Form              Tmut/Pois      0%           100%        3
 Tukima's Dance           Hex            0%           100%        3
 Fulminant Prism          Conj/Hex       0%           100%        4
 Ice Form                 Ice/Tmut       0%           100%        4
 Iskenderun's Mystic Bla  Conj/Tloc      0%           100%        4
 Petrify                  Tmut/Erth      0%           100%        4
 Blade Hands              Tmut           0%           100%        5
 Metabolic Englaciation   Hex/Ice        0%           100%        5
 Yara's Violent Unravell  Hex/Tmut       0%           100%        5


Dungeon Overview and Level Annotations

Branches:
Dungeon (15/15)            Temple (1/1) D:4            Lair (6/6) D:8
 Shoals (0/4) Lair:2       Spider (1/4) Lair:3        Slime (0/5) Lair:6
    Orc (2/2) D:12            Elf (0/3) Orc:2        Vaults (0/5) D:13
 Depths (0/5) D:15          Sewer (visited)           IceCv (visited)

Altars:
Ashenzari
Cheibriados
Dithmenos
Elyvilon
Fedhas
Gozag
Hepliaklqana
Kikubaaqudgha
Makhleb
Nemelex Xobeh
Okawaru
Qazlal
Ru
Sif Muna
Trog
Uskayaw
Vehumet
Wu Jian
Xom
Yredelemnul
Zin
The Shining One
Beogh
Lugonu

Shops:
D:5 *   D:8 (   D:12 [   D:14 [   Orc:2 (:[[

Portals:
Abyss: Lair:1

Annotations:
D:10 exclusions: electric eel and 1 more exclusion
D:11 2 runed translucent doors


Innate Abilities, Weirdness & Mutations

You cannot be hasted, slowed, berserked, paralysed or teleported.
You can dig through walls and to a lower floor.
Your four strong arms can wield two-handed weapons with a shield.
You have a pair of large antennae on your head. (SInv)


Message History

You feel very sick. You block the redback's attack.
The tarantella bites you but does no damage.
You block the redback's attack.
You slice the redback!!
You kill the redback!
Okawaru accepts your kill.
* * * LOW HITPOINT WARNING * * *
You feel sick. You block the redback's attack.
The tarantella barely misses you. You block the redback's attack.
The tarantella barely misses you.
You riposte.
You hit the tarantella. You drain the tarantella.
The tarantella is moderately wounded.
You closely miss the moth of wrath.
* * * LOW HITPOINT WARNING * * *
You feel sick. You block the redback's attack.
The tarantella barely misses you.
You riposte.
You slice the tarantella!!
The tarantella is almost dead.
The moth of wrath bites you!
You die...

# ##.#
#######s..^#
#.#.#s.....#
######...@y.#
##<.......†s##
#......#.#..#
##...#.######
#..##### ####


You could see a moth of wrath, an orb spider, a tarantella (berserk, drained)
and a redback (berserk, drained).

Vanquished Creatures
  Rupert (Lair:3)
  Kirke (D:14)
  A frost giant (IceCv)
  An orc warlord (Orc:2)
  A dire elephant (D:15)
  A fire dragon (D:13)
  Josephine (D:12)
  A great orb of eyes (D:15)
  5 hydras
  A boulder beetle (Lair:6)
  7 catoblepae
  3 centaur warriors
  A death knight (D:15)
  2 two-headed ogres
  A tengu warrior (D:15)
  13 death yaks
  2 skeletal warriors (D:15)
  3 unseen horrors
  An unseen horror (shapeshifter) (D:15)
  A deep troll (D:13)
  Pikel (D:5)
  A harpy (shapeshifter) (D:13)
  A mana viper (shapeshifter) (D:15)
  4 orc knights
  2 wolf spiders (Spider:1)
  A deep elf mage (D:15)
  2 cyclopes
  15 ugly things
  2 manticores (Lair:6)
  A merfolk siren (Lair:2)
  14 elephants
  A gargoyle (D:13)
  7 centaur zombies
  A naga mage (D:15)
  5 black mambas
  A torpor snail (Lair:6)
  8 centaur skeletons
  An ice statue (IceCv)
  5 cane toads
  2 efreet (D:15)
  4 rime drakes
  9 komodo dragons
  A kobold demonologist (D:14)
  A tengu conjurer (D:15)
  3 merfolk (Lair:2)
  A jumping spider (Spider:1)
  3 trolls
  4 meliai
  20 polar bears
  A wolf spider simulacrum (D:15)
  15 blink frogs
  Grinder (D:5)
  3 hornets
  6 slime creatures (D:13)
  2 redbacks (Spider:1)
  3 vampires
  A shadow (D:14)
  5 wyverns
  62 yaks
  2 hogs (D:14)
  12 wraiths
  3 vampire mosquitoes (D:15)
  4 basilisks
  2 wargs
  Menkaure (D:4)
  2 acid dragons
  13 water moccasins
  Duvessa (D:4)
  A soldier ant (D:13)
  3 sky beasts
  3 black bears
  39 orc warriors
  6 ice beasts
  4 phantoms
  2 necrophages
  5 ogres
  23 wolves
  12 centaurs
  6 big kobolds
  23 bullfrogs
  Dowan (D:4)
  A wyvern skeleton (D:11)
  A wyvern zombie (D:15)
  A water moccasin skeleton (D:6)
  15 killer bees
  7 scorpions
  9 wights
  2 electric eels (Lair:1)
  4 howler monkeys
  A crimson imp (D:3)
  3 quasits
  7 hounds
  2 bullfrog zombies
  A gnoll shaman (D:4)
  24 orc priests
  3 bullfrog skeletons
  4 jellies
  8 iguanas
  22 orc wizards
  7 worker ants
  A bullfrog simulacrum (D:11)
  A hound zombie (D:10)
  A hound skeleton (D:7)
  3 gnolls (D:6)
  13 adders
  A howler monkey skeleton (D:5)
  6 river rats (Sewer)
  2 shadow imps
  2 white imps
  An ufetubus (D:7)
  2 oozes
  2 adder zombies
  10 worms
  A dart slug (D:4)
  11 leopard geckos
  83 orcs
  10 ball pythons
  5 bats
  11 giant cockroaches
  5 goblins
  5 hobgoblins
  14 jackals
  5 quokkas
  8 frilled lizards
  20 kobolds
  A leopard gecko skeleton (D:4)
  A quokka skeleton (D:4)
  25 rats
808 creatures vanquished.

Vanquished Creatures (collateral kills)
  2 orc knights (Orc:2)
  3 orc warriors (Orc:2)
  2 orcs (Orc:2)
7 creatures vanquished.

Vanquished Creatures (others)
  An unseen horror (D:15)
  A necromancer (D:13)
  A polar bear (IceCv)
  3 yaks (IceCv)
  4 wights (D:14)
  7 fungi
  A lurking horror (Lair:1)
  26 plants
44 creatures vanquished.

Grand Total: 859 creatures vanquished

Notes
Turn   | Place    | Note
-------+----------+-------------------------------------------
     0 | D:1      | Amaterasu the Formicid Fighter began the quest for the Orb.
     0 | D:1      | Reached XP level 1. HP: 18/18 MP: 1/1
   206 | D:1      | Reached XP level 2. HP: 14/24 MP: 2/2
  1028 | D:2      | Reached skill level 3 in Long Blades
  1069 | D:2      | Reached XP level 3. HP: 28/29 MP: 3/3
  1371 | D:2      | Found a faded altar of an unknown god.
  1403 | D:2      | Reached skill level 4 in Long Blades
  1403 | D:2      | Reached XP level 4. HP: 31/35 MP: 4/4
  1850 | D:2      | Found an ornate altar of the Wu Jian Council.
  2168 | D:3      | Reached XP level 5. HP: 28/41 MP: 5/5
  2338 | D:3      | Reached skill level 5 in Long Blades
  2752 | D:3      | Found a burning altar of Makhleb.
  2793 | D:3      | Reached XP level 6. HP: 47/47 MP: 6/6
  3063 | D:4      | Noticed an ice beast
  3075 | D:4      | Killed an ice beast
  3076 | D:4      | Reached skill level 5 in Shields
  3183 | D:4      | Noticed Menkaure
  3191 | D:4      | Killed Menkaure
  3192 | D:4      | Reached XP level 7. HP: 34/54 MP: 7/7
  3543 | D:4      | Reached skill level 5 in Armour
  3551 | D:4      | Reached skill level 6 in Long Blades
  3551 | D:4      | Reached XP level 8. HP: 43/61 MP: 8/8
  3870 | D:4      | Noticed Duvessa
  3870 | D:4      | Noticed Dowan
  3894 | D:4      | Killed Duvessa
  3907 | D:4      | Killed Dowan
  4139 | D:4      | Found a staircase to the Ecumenical Temple.
  4147 | Temple   | Entered the Ecumenical Temple
  4496 | D:4      | Reached skill level 1 in Dodging
  4619 | D:4      | Reached skill level 7 in Long Blades
  4714 | D:5      | Entered Level 5 of the Dungeon
  4738 | D:5      | Reached skill level 5 in Fighting
  4768 | D:5      | Found an iron altar of Okawaru.
  4785 | D:5      | Became a worshipper of Warmaster Okawaru
  4788 | D:5      | Got a steaming falchion
  4789 | D:5      | Identified the +1 falchion "Galutir" {vorpal, rN+++ Str+2
                  | Int-2 Dex+3} (You found it on level 5 of the Dungeon)
  4873 | D:5      | Noticed Grinder
  4905 | D:5      | Killed Grinder
  4906 | D:5      | Reached skill level 1 in Invocations
  4921 | D:5      | Found a glowing drain.
  4944 | Sewer    | Entered a sewer
  5027 | Sewer    | Reached * piety under Okawaru
  5037 | Sewer    | Reached skill level 8 in Long Blades
  5114 | Sewer    | Reached XP level 9. HP: 62/68 MP: 8/10
  5850 | D:5      | Found a blossoming altar of Fedhas.
  5890 | D:5      | Noticed Pikel
  5905 | D:5      | Killed Pikel
  5924 | D:5      | Reached ** piety under Okawaru
  5959 | D:5      | Found Neotrair's General Store.
  7025 | D:6      | Reached XP level 10. HP: 48/74 MP: 13/13
  7376 | D:7      | Reached *** piety under Okawaru
  8068 | D:7      | Found a bloodstained altar of Trog.
  8240 | D:8      | Found Sosasity's Weapon Shoppe.
  8256 | D:8      | Reached skill level 5 in Dodging
  8256 | D:8      | Reached skill level 1 in Evocations
  8531 | D:8      | Reached skill level 5 in Invocations
  8739 | D:8      | Reached **** piety under Okawaru
  8828 | D:8      | Found a sparkling altar of Nemelex Xobeh.
  9089 | D:8      | Found a staircase to the Lair.
  9090 | D:8      | Noticed a komodo dragon
  9131 | D:8      | Killed a komodo dragon
  9132 | D:8      | Reached skill level 9 in Long Blades
  9590 | D:9      | Reached XP level 11. HP: 54/83 MP: 15/15
  9751 | D:9      | Noticed a centaur warrior
  9751 | D:9      | Noticed an orc knight
  9883 | D:9      | Reached ***** piety under Okawaru
 10196 | D:9      | Found a shimmering blue altar of Sif Muna.
 10681 | D:10     | Entered Level 10 of the Dungeon
 10808 | D:10     | Found a basalt altar of Yredelemnul.
 11627 | Lair:1   | Entered Level 1 of the Lair of Beasts
 11695 | Lair:1   | Reached skill level 5 in Evocations
 11706 | Lair:1   | Reached skill level 10 in Long Blades
 11889 | Lair:1   | Found a frozen archway.
 11907 | IceCv    | Entered an ice cave
 11932 | IceCv    | Received a gift from Okawaru
 12708 | IceCv    | Reached skill level 10 in Shields
 13028 | IceCv    | Received a gift from Okawaru
 13029 | IceCv    | Reached XP level 12. HP: 86/94 MP: 16/16
 13819 | IceCv    | Noticed a frost giant
 13852 | IceCv    | Killed a frost giant
 13852 | IceCv    | Received a gift from Okawaru
 13869 | IceCv    | Received a gift from Okawaru
 14175 | Lair:1   | Reached skill level 10 in Fighting
 14486 | Lair:1   | Found a one-way gate to the infinite horrors of the Abyss.
 14486 | Lair:1   | Found a corrupted altar of Lugonu.
 15108 | Lair:2   | Noticed a catoblepas
 15151 | Lair:2   | Killed a catoblepas
 15152 | Lair:2   | Reached skill level 11 in Long Blades
 15152 | Lair:2   | Reached XP level 13. HP: 16/103 MP: 12/19
 15645 | Lair:2   | Found an ornate altar of the Wu Jian Council.
 15674 | Lair:2   | Noticed a five-headed hydra
 15689 | Lair:2   | Killed a five-headed hydra
 15690 | Lair:2   | Reached skill level 12 in Long Blades
 16137 | Lair:2   | Found a staircase to the Shoals.
 16148 | Lair:2   | Received a gift from Okawaru
 16627 | Lair:3   | Reached ****** piety under Okawaru
 16726 | Lair:3   | Reached skill level 13 in Long Blades
 16838 | Lair:3   | Found a hole to the Spider Nest.
 16943 | Lair:3   | Received a gift from Okawaru
 17465 | Lair:3   | Noticed Rupert
 17503 | Lair:3   | Killed Rupert
 17504 | Lair:3   | Reached skill level 14 in Long Blades
 17954 | Lair:3   | Noticed a six-headed hydra
 17968 | Lair:3   | Killed a six-headed hydra
 18473 | Lair:4   | Noticed an eight-headed hydra
 18496 | Lair:4   | Killed an eight-headed hydra
 19087 | Lair:4   | Reached XP level 14. HP: 103/110 MP: 20/20
 19212 | Lair:4   | Got a faintly glowing chain mail
 19223 | Lair:4   | Identified the cursed +0 chain mail of Mental Paralysis
                  | {*Drain Regen+ Int+4} (You found it on level 4 of the Lair
                  | of Beasts)
 20751 | Lair:5   | Found a shimmering blue altar of Sif Muna.
 20773 | Lair:5   | Got a twitching silver ring
 20979 | Lair:5   | Received a gift from Okawaru
 21943 | Lair:5   | Identified the ring "Tyfiyshy" {rElec rF+ Will+} (You found
                  | it on level 5 of the Lair of Beasts)
 21949 | Lair:6   | Entered Level 6 of the Lair of Beasts
 21962 | Lair:6   | Received a gift from Okawaru
 22747 | Lair:6   | Reached XP level 15. HP: 92/119 MP: 15/21
 22766 | Lair:6   | Received a gift from Okawaru
 23493 | Lair:6   | Found a staircase to the Slime Pits.
 23961 | D:11     | Found a large runed translucent door.
 23961 | D:11     | Found a large runed translucent door.
 23974 | D:11     | Found a large runed translucent door.
 23974 | D:11     | Found a large runed translucent door.
 24114 | D:11     | Received a gift from Okawaru
 24132 | D:11     | Got a twitching platinum amulet
 24134 | D:11     | Identified the amulet of the Kangaroo {Reflect Int+4 SH+5}
                  | (You found it on level 11 of the Dungeon)
 24331 | D:11     | You fall into a shaft and drop 3 floors!
 24375 | D:14     | Reached skill level 1 in Throwing
 24419 | D:14     | Found Duixtyqa's Armour Emporium.
 24688 | D:14     | Noticed Kirke
 24715 | D:14     | Noticed a sphinx
 24718 | D:14     | Killed Kirke
 24726 | D:14     | Reached skill level 15 in Shields
 24803 | D:13     | You fall into a shaft and drop 1 floor!
 25105 | D:12     | Received a gift from Okawaru
 26201 | D:12     | Found a roughly hewn altar of Beogh.
 26275 | D:12     | Found Sitegon's Armour Shoppe.
 26426 | D:12     | Noticed Josephine
 26440 | D:12     | Killed Josephine
 26440 | D:12     | Received a gift from Okawaru
 26522 | D:12     | Found a staircase to the Orcish Mines.
 27162 | D:13     | Reached XP level 16. HP: 127/127 MP: 22/22
 27597 | D:13     | Found a gate to the Vaults.
 28205 | D:14     | Found a snail-covered altar of Cheibriados.
 28280 | D:15     | Entered Level 15 of the Dungeon
 28302 | D:15     | Reached skill level 15 in Long Blades
 28390 | D:15     | Received a gift from Okawaru
 28980 | D:15     | Reached skill level 16 in Long Blades
 28980 | D:15     | Reached skill level 5 in Throwing
 29298 | D:15     | Found a white marble altar of Elyvilon.
 29387 | D:15     | Found a staircase to the Depths.
 29745 | Orc:1    | Entered Level 1 of the Orcish Mines
 29961 | Orc:2    | Entered Level 2 of the Orcish Mines
 30114 | Orc:2    | Received a gift from Okawaru
 30539 | Orc:2    | Identified the +2 pair of boots "Qanekioh" {Will- Str+8
                  | Int+4 Dex-5} (Okawaru gifted it to you on level 2 of the
                  | Orcish Mines)
 30733 | Orc:2    | Found a staircase to the Elven Halls.
 30860 | Orc:2    | Found Menaomikh's Book Boutique.
 30860 | Orc:2    | Found Waomal's Armour Emporium.
 30862 | Orc:2    | Found Orobrar's Armour Shoppe.
 30864 | Orc:2    | Found Daumo's Weapon Shop.
 31234 | Spider:1 | Entered Level 1 of the Spider Nest
 31276 | Spider:1 | HP: 2/127 [tarantella (9)]
 31280 | Spider:1 | Mangled by a moth of wrath

Illustrated notes

Levels and vault maps discovered:
D:1:      minmay_arrival_checkered_box, layout_basic, serial_glass,
          glass_columns_c, glass_columns_c, glass_columns_a, glass_columns_b,
          glass_columns_a, glass_columns_b, glass_columns_c, glass_columns_a,
          glass_columns_a, glass_columns_c, corexii_leaking_fountain
D:2:      layout_loops_ring, nzn_wu_jian_council_hall,
          chequers_ecumenical_altar_simple_redux
D:3:      layout_loops_cross, makhleb_grotto_becter, serial_bayou_pond_d,
          chequers_serial_rivers_small_b, minmay_fractal_squares_gapless_5
D:4:      minmay_polygon_palace, layout_basic, minmay_temple_entry_trees,
          kennysheep_generic_room_11, uniq_menkaure, uniq_blork_the_orc,
          uniq_duvessa
D:5:      layout_loops_ring, okawaru_ov_weapons_minmay, general_overflow_altar,
          serial_shops, nicolae_shop_trees, cheibrodos_sewer_entry_bend,
          kennysheep_small_square, uniq_pikel, uniq_grinder
D:6:      layout_loops_corners
D:7:      layout_rooms, lightli_temple_of_fire
D:8:      layout_layer_cave, david_lair_shrubbed, serial_shops,
          nicolae_shop_stone, dk_noncrumbling_3, nemelex_diamond_rough_becter
D:9:      layout_roguey, marbit_many_paths, lightli_corner_chamber
D:10:     layout_basic, basic_altar, chequers_serial_rivers_micro_b
D:11:     layout_basic, minmay_hollow_rounded_squares
D:12:     layout_irregular_city, david_orc_5, serial_shops, shop_statue,
          uniq_josephine
D:13:     layout_basic, david_vaults_4
D:14:     layout_loops_ring, cheibriados_altar_1, serial_shops, shop, uniq_kirke
D:15:     hangedman_depths_entry_try_elsewhere_first, layout_loops_ring,
          minmay_misc_feat_enclosed, elyvilon_altar_5
Temple:   eino_temple_scatter_basement
Lair:1:   layout_regular_city, portal_ice_cave_rime,
          hangedman_lair_unloving_vines, amcnicky_altar_lugonu_corruption,
          serial_bayou_shore_a, serial_bayou_shore_b
Lair:2:   layout_gridlike, elwin_shoals_entry_stream, basic_altar,
          grunt_megastairs_4
Lair:3:   layout_small_grid, nicolae_spider_entry_non_spiders, uniq_rupert
Lair:4:   layout_layer_cave, lemuel_fruit_tree, infiniplex_staircase_pool_2
Lair:5:   layout_misc_corridors, basic_altar, beast_lair_carwin_5
Lair:6:   evilmike_catoblepas_cave, layout_cave_pods, slime_dummy,
          serial_bayou_crossing, grunt_megastairs_1, serial_bayou_shore_b
Spider:1: layout_spider_delve
Orc:1:    layout_caves
Orc:2:    st_orc_rangers, layout_caves

Skill      XL: |  1  2  3  4  5  6  7  8  9 10 11 12 13 14 15 16 |
---------------+-------------------------------------------------+-----
Long Blades    | 3 4 5 6 8 9 10 11 14 16 | 16.2
Shields        | 4 5 6 7 9 10 11 13 15 | 15.0
Fighting       | 4 5 6 8 10 11 12 | 12.1
Armour         | 4 5 6 7 9 |  9.1
Dodging        | 1 4 5 6 7 8 9 |  9.1
Invocations    | 1 4 6 8 |  8.0
Evocations     | 3 5 6 8 |  8.1
Throwing       | 3 6 |  6.7

Action                   |  1- 3 |  4- 6 |  7- 9 | 10-12 | 13-15 | 16-18 || total
-------------------------+-------+-------+-------+-------+-------+-------++-------
Melee: Long sword        |   116 |   204 |   125 |       |       |       ||   445
       Dagger            |       |       |   354 |  1082 |   780 |       ||  2216
       Falchion          |       |       |    65 |    17 |   768 |       ||   850
       Double sword      |       |       |       |       |   199 |   630 ||   829
Invok: Heroism           |       |       |       |     4 |     8 |     3 ||    15
       Finesse           |       |       |       |     3 |     2 |     2 ||     7
 Abil: Dig               |       |       |       |     4 |     4 |     1 ||     9
Evoke: Wand              |       |       |       |       |     3 |     4 ||     7
       Box of beasts     |       |       |       |       |       |     1 ||     1
  Use: Scroll            |     6 |    11 |     4 |    11 |    12 |     4 ||    48
       Potion            |       |     2 |     1 |     7 |       |     1 ||    11
 Stab: Petrified         |       |       |       |       |     3 |       ||     3
       Petrifying        |       |       |       |       |     1 |       ||     1
Armor: Chain mail        |    60 |    82 |   223 |       |       |       ||   365
       Scale mail        |     1 |       |       |       |       |       ||     1
       Plate armour      |       |       |     4 |   248 |   319 |   137 ||   708
Dodge: Dodged            |    22 |    26 |    91 |   190 |   303 |   140 ||   772
       Repelled          |       |       |       |       |     2 |     3 ||     5
Block: Kite shield       |    25 |       |       |       |       |       ||    25
       Tower shield      |    52 |   175 |   537 |   798 |  1131 |   613 ||  3306
       Rpst.: Long sword |    10 |     8 |     4 |       |       |       ||    22
       Falchion          |       |       |     1 |     1 |    26 |       ||    28
       Double sword      |       |       |       |       |     8 |    37 ||    45
